 Dungeon Crawl Stone Soup version 0.21-a0-55-gb612c23 (webtiles) character file.

42 HAL9000 the Chucker (level 3, 0/39 HPs)
             Began as an Ogre Hunter on June 15, 2017.
             Slain by an adder (4 damage)
             ... on level 2 of the Dungeon.
             The game lasted 00:05:06 (1680 turns).

HAL9000 the Chucker (Ogre Hunter)                   Turns: 1680, Time: 00:05:07

Health: 0/39       AC:  3    Str: 22    XL:     3   Next: 56%
Magic:  3/3        EV: 10    Int: 17    God:
Gold:   40         SH:  0    Dex:  9    Spells: 2/2 levels left

rFire    . . .     SeeInvis .   n - +0 mace
rCold    . . .     Gourm    .   (no shield)
rNeg     . . .     Faith    .   b - +0 robe
rPois    .         Spirit   .   (helmet restricted)
rElec    .         Reflect  .   (no cloak)
rCorr    .         Harm     .   (gloves unavailable)
MR       .....     Rnd*Tele +   (boots unavailable)
Stlth    +.........             (no amulet)
HPRegen  0.13/turn              t - ring of teleportation (curse)
MPRegen  0.08/turn              (no ring)

@: mighty, brilliant, lethally poisoned (0 -> 0)
A: unfitting armour, tough skin 1
a: no special abilities


You were on level 2 of the Dungeon.
You were hungry.

You visited 1 branch of the dungeon, and saw 2 of its levels.

You collected 40 gold pieces.

Inventory:

Hand Weapons
 n - a +0 mace (weapon)
Missiles
 c - 5 large rocks (quivered)
 d - 2 throwing nets
Armour
 b - a +0 robe (worn)
Jewellery
 t - a cursed ring of teleportation (left hand)
Scrolls
 g - a scroll of identify {unknown}
 h - 2 scrolls of remove curse {unknown}
 k - 2 scrolls of teleportation {unknown}
 m - a scroll of amnesia {unknown}
Potions
 q - a potion of resistance {unknown}
 r - 2 potions of haste {unknown}
Comestibles
 f - a bread ration
 j - a meat ration


   Skills:
 - Level 3.9 Fighting
 + Level 2.0 Maces & Flails
 - Level 4.0 Throwing
 - Level 1.7 Dodging
 - Level 0.6 Stealth


You had 2 spell levels left.
You didn't know any spells.

Dungeon Overview and Level Annotations

Branches:
Dungeon (2/15)

Altars:
Okawaru


Innate Abilities, Weirdness & Mutations

You are too large for most types of armour.
You have tough skin. (AC +1)


Message History

The adder is lightly wounded.
The adder bites you.
* * * LOW HITPOINT WARNING * * *
The adder bites you but does no damage.
You barely miss the adder.
The adder is lightly wounded.
The adder closely misses you.
Unknown command.
You barely miss the adder.
The adder is lightly wounded.
You feel sick. The adder closely misses you. The adder barely misses you.
It was a potion of brilliance.
You feel clever all of a sudden. The adder bites you.
* * * LOW HITPOINT WARNING * * *
Unknown command.
It was a potion of might.
You feel very mighty all of a sudden. The adder bites you.
You die...

........###.#.###.###.......
.........##.._..............
..........#.#.#.............
..........#.#.####..#...##.#
((#...†...#.#.# ##.#...##'#
##....)...'.#.#####.........
##........'r................
..#.......#S#.#.............
..........#@#.#..........#.#
..........#.#.#..........#.#
........?##.#.#..........#..
........##..#...............
.......## ..#.#.#####.......
...# #..#.#.##......##.#
...#.#.##..........
#..#.#.##..........
#.#..'.....>....


You could see an adder and a quokka.

Vanquished Creatures
  A worm (D:2)
  2 dart slugs (D:1)
  2 leopard geckos (D:1)
  4 bats (D:1)
  A giant cockroach (D:1)
  2 hobgoblins
  6 jackals
  A ball python (D:1)
  A frilled lizard (D:1)
  4 goblins
  2 kobolds
  4 rats
30 creatures vanquished.

Notes
Turn   | Place    | Note
-------+----------+-------------------------------------------
     0 | D:1      | HAL9000 the Ogre Hunter began the quest for the Orb.
     0 | D:1      | Reached XP level 1. HP: 22/22 MP: 1/1
    76 | D:1      | Reached XP level 2. HP: 25/32 MP: 2/2
   719 | D:1      | Reached skill level 1 in Maces & Flails
   848 | D:1      | Reached XP level 3. HP: 37/39 MP: 3/3
  1148 | D:2      | Found an iron altar of Okawaru.
  1680 | D:2      | Slain by an adder

Vault maps used:
D:1:      lemuel_arrival_muddy
D:2:      kennysheep_big_flooded_room, lemuel_crystal_altar,
          nrook_mini_backslash, minmay_door_square

Skill      XL: |  1  2  3 |
---------------+----------+-----
Fighting       | 3 |  3.9
Maces & Flails | 1 2 |  2.0
Throwing       | |  4.0
Dodging        | |  1.7
Stealth        | |  0.6

Action                   || total
-------------------------++-------
Melee: Short sword       ||    36
       Mace              ||   100
  Use: Potion            ||     2
 Stab: Sleeping          ||     1
  Eat: Chunk             ||     2
Armor: Robe              ||    64
Dodge: Dodged            ||   141
